[Event "*** Titled Tuesday Blitz"]
[Site "Chess.com"]
[Date "2020.11.24"]
[Round "2"]
[White "zverr1"]
[Black "Jumbo"]
[Result "0-1"]
[WhiteElo "2524"]
[BlackElo "2850"]
[TimeControl "180+1"]
[EndTime "10:32:58 PST"]
[Termination "Jumbo won by resignation"]

1. d4 g6 2. e4 Bg7 3. Nc3 d6 4.
h3 Nf6 5. g4 c5 6. Nge2 cxd4 7.
Nxd4 Nc6 8. Be3 h6 9. Qd2 Qa5 10. Bg2 Bd7 11. O-O-O Ne5 12. Nb3 Qc7 13. Nd5 Nxd5 14.
Qxd5 Nc4 15. Bd4 e6 16. Bxg7 exd5 17. Bxh8 dxe4 18. Bxe4 O-O-O 19. Bf6 Re8 20. Rhe1 Bc6 21. Bd3 Rxe1 22. Rxe1 Ne5 23. Bxe5 dxe5 24. Nd2 Qe7 25. f4 Qh4 26. Kd1 exf4 27. Bc4 Qxh3 28. Bxf7 Qxg4+ 29. Kc1 Qg3 30. Rf1 f3 31. Be6+ Kc7 32. b3 g5 33.
c4 Qe5 34. Kc2 Qxe6 0-1

[Event "*** Titled Tuesday Blitz"]
[Site "Chess.com"]
[Date "2020.11.24"]
[Round "2"]
[White "dosto07"]
[Black "DenishevM"]
[Result "1-0"]
[WhiteElo "2331"]
[BlackElo "2603"]
[TimeControl "180+1"]
[EndTime "10:32:58 PST"]
[Termination "dosto07 won by resignation"]

1. e4 c5 2. Nf3 d6 3. Bb5+ Nd7 4. O-O Nf6 5. Re1 e6 6. c3 Be7 7. d4 cxd4 8. cxd4 O-O 9. Nc3 a6 10. Bd3 b5 11. a3 Bb7 12. Bg5 Nb6 13. Qe2 Nh5 14.
Be3 Rc8 15. Rad1 Nc4 16. Bc1 Nxa3 17. Nxb5 Nxb5 18. Bxb5 axb5 19. Qxb5 Bxe4 20. Rxe4 d5 21. Ree1 Nf6 22. Ne5 Qc7 23. Bg5 Rb8 24. Qe2 Rfc8 25. h4 Ne4 26. Bxe7 Qxe7 27. h5 h6 28. Rc1 Rxc1 29. Rxc1 Qb4 30. Qf3 Ng5 31. Qf4 Qxb2 32. Rc7 Qa1+ 33. Kh2 Rb1 34. Rc8+ Kh7 35. Nxf7 Rh1+ 36.
Kg3 Ne4+ 37. Qxe4+ 1-0

[Event "*** Titled Tuesday Blitz"]
[Site "Chess.com"]
[Date "2020.11.24"]
[Round "2"]
[White "AlexeiShirov"]
[Black "chenxiaoyuer"]
[Result "1-0"]
[WhiteElo "2824"]
[BlackElo "2517"]
[TimeControl "180+1"]
[EndTime "10:33:00 PST"]
[Termination "AlexeiShirov won by resignation"]

1. e4 c5 2. Nf3 d6 3. d4 cxd4 4. Nxd4 Nf6 5. Nc3 Nc6 6. Bg5 e6 7. Qd2 Qb6 8. O-O-O Qxd4 9. Qxd4 Nxd4 10. Rxd4 a6 11. Be2 Bd7 12. Rhd1 Bc6 13. f4 Be7 14. Bf3 Rd8 15. a4 h6 16. Bh4 g5 17. fxg5 Nd7 18. Bg3 hxg5 19. Bxd6 Bxd6 20. Rxd6 Ke7 21. b4 Ne5 22. Rxd8 Rxd8 23. Rxd8 Kxd8 24. a5 Ke7 25. Kd2 Kd6 26. Ke3 Nc4+ 27. Kd4 Ne5 28. Be2 Bd7 29. b5 axb5 30. Nxb5+ Bxb5 31. Bxb5 Ng6 32. c4 e5+ 33. Kc3 Kc5 34. Be8 Nf4 35. g3 Ne2+ 36. Kd3 Nc1+ 37. Ke3 f6 38. h4 gxh4 39. gxh4 1-0

[Event "*** Titled Tuesday Blitz"]
[Site "Chess.com"]
[Date "2020.11.24"]
[Round "2"]
[White "Gevo1990"]
[Black "1nikolachess"]
[Result "1-0"]
[WhiteElo "2566"]
[BlackElo "2306"]
[TimeControl "180+1"]
[EndTime "10:33:00 PST"]
[Termination "Gevo1990 won by resignation"]

1. e4 e5 2. Nf3 Nc6 3. Bc4 Bc5 4. O-O Nf6 5. d3 O-O 6. c3 d6 7. Nbd2 a6 8. Bb3 Ba7 9. h3 Ne7 10. Nc4 Ng6 11. a4 h6 12. a5 Be6 13. Ne3 Qd7 14. Bxe6 fxe6 15. Qb3 Kh7 16. Nc2 Nh5 17. d4 exd4 18. Nfxd4 e5 19. Nf5 Rab8 20. Be3 Bxe3 21. fxe3 Nf6 22. Qc4 Ne7 23. Rad1 Nxf5 24. exf5 d5 25.
Qh4 Rbd8 26. Nb4 c6 27. Nd3 Qe7 28. Qg3 Rde8 29. Qg6+ Kh8 30. b4 Qf7 31. Qxf7 Rxf7 32. Nc5 Rc7 33. g4 Nd7 34. Ne6 Rcc8 35. Kg2 Nf8 36. Nc5 Rc7 37. e4 Rd8 38. Rfe1 d4 39. cxd4 exd4 40. e5 Re7 41. e6 Kh7 42. Re4 Rde8 43.
Rexd4 Rc7 44. Rd8 Rxd8 45. Rxd8 1-0

[Event "*** Titled Tuesday Blitz"]
[Site "Chess.com"]
[Date "2020.11.24"]
[Round "2"]
[White "GAusal"]
[Black "AniJak"]
[Result "1-0"]
[WhiteElo "2017"]
[BlackElo "2359"]
[TimeControl "180+1"]
[EndTime "10:33:00 PST"]
[Termination "GAusal won by resignation"]

1. e4 c6 2. d4 d5 3. exd5 cxd5 4. c4 Nf6 5. Nf3 e6 6. c5 Be7 7. Nc3 O-O 8. b4 a5 9. b5 b6 10. c6 Bb4 11. Bd2 Bxc3 12. Bxc3 Ne4 13. Qc2 e5 14. dxe5 Bf5 15. Bd3 Bg6 16. O-O Qe7 17. a4 Rd8 18. Rfd1 Rc8 19. Be1 Nd7 20. Bxe4 Bxe4 21. Qc3 Nc5 22.
Nd2 Bf5 23. f3 Rd8 24. Qd4 Rab8 25. Bg3 Ne6 26. Qb2 h5 27. Bf2 h4 28. h3 d4 29.
Nc4 Qc5 30. Nd6 Bg6 31. Bxd4 Qb4 32. Qxb4 axb4 33. a5 bxa5 34. b6 Rf8 35. c7 Nxc7 36. bxc7 Rbc8 37. Nxc8 Rxc8 38. Bb6 Kh7 39. Rxa5 b3 40.
Rb5 Bc2 41. Rd8 Rxc7 42. Bxc7 1-0

[Event "*** Titled Tuesday Blitz"]
[Site "Chess.com"]
[Date "2020.11.24"]
[Round "2"]
[White "IsuruAlahakoon"]
[Black "QuintilianoR"]
[Result "0-1"]
[WhiteElo "2360"]
[BlackElo "2669"]
[TimeControl "180+1"]
[EndTime "10:33:01 PST"]
[Termination "QuintilianoR won on time"]

1. Nf3 Nf6 2. d4 e6 3. Nc3 d5 4.
Bg5 c5 5. e4 cxd4 6. Qxd4 Be7 7. exd5 exd5 8. O-O-O Nc6 9. Qh4 h6 10. Nxd5 Nxd5 11. Bxe7 Ncxe7 12. Bb5+ Bd7 13. Bxd7+ Qxd7 14. Ne5 Qc7 15. Qa4+ Kf8 16. Rhe1 Kg8 17. c4 Nb6 18. Qc2 Nc6 19. Nf3 Nb4 20. Qb3 Qxc4+ 21. Qxc4 Nxc4 22. Rd4 b5 23. Kb1 Nc6 24. Kc1 Nxd4 25. Kb1 Nxf3 0-1

[Event "*** Titled Tuesday Blitz"]
[Site "Chess.com"]
[Date "2020.11.24"]
[Round "2"]
[White "mishanick"]
[Black "burbur555"]
[Result "0-1"]
[WhiteElo "2978"]
[BlackElo "2594"]
[TimeControl "180+1"]
[EndTime "10:33:02 PST"]
[Termination "burbur555 won by resignation"]

1. c4 c6 2. Nc3 d5 3. d4 Nf6 4. Nf3 a6 5. e3 b5 6. b3 Bf5 7. Be2 h6 8. O-O e6 9. Ne5 Bd6 10. f4 O-O 11. Bd2 Ne4 12. c5 Bc7 13.
a4 Nxd2 14. Qxd2 b4 15. Nd1 a5 16. Nf2 f6 17. Nf3 Nd7 18. Bd3 Bxd3 19. Nxd3 Qe7 20. Nh4 Qe8 21. f5 exf5 22. Nxf5 Qe4 23. Rac1 Rae8 24.
Rf3 Kh7 25. Nd6 Bxd6 26. cxd6 Rc8 27. Nc5 Qe8 28. Qd3+ Kh8 29. Qa6 Nxc5 30. dxc5 Ra8 31. Qd3 Qe6 32. Re1 Rfe8 33. Rf4 Qe5 34. Qd4 Kg8 35. g3 Qxd4 36. Rxd4 Re5 37. Kf2 Kf7 38. Ke2 Rae8 39. Kd3 Re4 40. Rf1 Rxe3+ 41. Kc2 Rc3+ 42. Kd2 Rxc5 43. Rf3 Re6 44. d7 Rd6 45. h4 Rxd7 46.
g4 Re7 47. g5 hxg5 48. hxg5 Re4 49. Rdd3 d4 50. gxf6 gxf6 51. Rh3 Rc3 52. Rh7+ Ke6 53.
Ra7 c5 54. Rxa5 Re3 55. Rxe3+ dxe3+ 56. Ke2 f5 57. Rb5 f4 58. a5 Rc2+ 59. Kd1 Rd2+ 60. Kc1 f3 0-1

[Event "*** Titled Tuesday Blitz"]
[Site "Chess.com"]
[Date "2020.11.24"]
[Round "2"]
[White "ZverevLev"]
[Black "LikeWater"]
[Result "0-1"]
[WhiteElo "2273"]
[BlackElo "2614"]
[TimeControl "180+1"]
[EndTime "10:33:02 PST"]
[Termination "LikeWater won by resignation"]

1. e4 c5 2. Nf3 e6 3. d4 cxd4 4. Nxd4 Nf6 5. Nc3 Nc6 6. Ndb5 Bc5 7. Nd6+ Ke7 8. Bf4 e5 9. Nf5+ Kf8 10. Be3 Bb4 11. Bd3 d5 12. exd5 Qxd5 13. Qd2 Bxc3 14. Qxc3 e4 15. Qc5+ Qxc5 16. Bxc5+ Kg8 17. Ne7+ Nxe7 18.
Bxe7 exd3 19. O-O-O Bf5 20. cxd3 Nd5 21. Bd6 Rd8 22.
Be5 Nb4 23. Bd4 Rxd4 24. Rhe1 Kf8 25. Re5 Nxd3+ 26. Rxd3 Bxd3 27. Rc5 Ke7 28. Rc4 Bxc4 0-1

[Event "*** Titled Tuesday Blitz"]
[Site "Chess.com"]
[Date "2020.11.24"]
[Round "2"]
[White "Grineva_Marianna"]
[Black "filipluczak05"]
[Result "0-1"]
[WhiteElo "2206"]
[BlackElo "2442"]
[TimeControl "180+1"]
[EndTime "10:33:02 PST"]
[Termination "filipluczak05 won on time"]

1. e4 g6 2. d4 Bg7 3. Nc3 c5 4. dxc5 Bxc3+ 5. bxc3 Nf6 6. e5 Ne4 7. Qd4 Qa5 8. Qxe4 Qxc3+ 9. Kd1 Qxa1 10. Nf3 Nc6 11. Bc4 b6 12. e6 fxe6 13. Bxe6 Bb7 14. Bd5 O-O-O 15. cxb6 axb6 16. Re1 Rhf8 17. Re3 e6 18. Bb3 Rf5 19. Qc4 Kb8 20. Qa4 Rc8 21. c3 Na5 22. Kc2 Rfc5 23. Bb2 Qf1 24. Qf4+ Ka7 25.
Nd2 Qxg2 26. Qd4 Qxf2 27. Qxd7 Qxe3 28. Bxe6 R8c7 29. Qd6 R5c6 0-1

[Event "*** Titled Tuesday Blitz"]
[Site "Chess.com"]
[Date "2020.11.24"]
[Round "2"]
[White "GM_Levan_Pantsulaia"]
[Black "TST2014"]
[Result "1-0"]
[WhiteElo "2830"]
[BlackElo "2519"]
[TimeControl "180+1"]
[EndTime "10:33:03 PST"]
[Termination "GM_Levan_Pantsulaia won on time"]

1. Nf3 Nf6 2. g3 d5 3. Bg2 c5 4. c4 d4 5. O-O Nc6 6. e3 e5 7. exd4 exd4 8. d3 Bd6 9. Re1+ Kf8 10. Na3 h6 11. Nc2 a5 12. b3 Bf5 13. a3 Qd7 14.
Rb1 Re8 15. Rxe8+ Qxe8 16. b4 axb4 17. axb4 b6 18. bxc5 bxc5 19. Ba3 g5 20. Ncxd4 Nxd4 21. Nxd4 Bg4 22. Qd2 Kg7 23. h3 Bd7 24. Nb5 Be7 25.
Qe3 Bf8 26. Bxc5 Bxc5 27. Qxc5 Qe2 28. Qe3 Qc2 29. Rc1 Qb2 30. Nd6 Rb8 31. c5 Rd8 32.
d4 Be6 33. Qc3 Qe2 34. d5 Bd7 35. Ne4 1-0

[Event "*** Titled Tuesday Blitz"]
[Site "Chess.com"]
[Date "2020.11.24"]
[Round "2"]
[White "Pikachess999"]
[Black "1e41-0"]
[Result "1/2-1/2"]
[WhiteElo "2352"]
[BlackElo "2663"]
[TimeControl "180+1"]
[EndTime "10:33:03 PST"]
[Termination "Game drawn by stalemate"]

1. e4 e6 2. d4 d5 3. Nc3 Bb4 4. e5 c5 5. a3 Bxc3+ 6. bxc3 Ne7 7. Qg4 Qc7 8. Qxg7 Rg8 9. Qxh7 cxd4 10. Ne2 Nbc6 11. f4 dxc3 12. Qd3 d4 13. Nxd4 Nxd4 14. Qxd4 Bd7 15. Rg1 Qc6 16. g4 Qf3 17. Be2 Qh3 18. Qf2 Nd5 19. Qg3 Rh8 20. Rg2 Bc6 21. Bf3 Nxf4 22. Bxc6+ bxc6 23. Bxf4 Qh7 24. Qd3 Qxd3 25. cxd3 O-O-O 26. Ke2 Rd4 27. Be3 Rd5 28. d4 c5 29.
dxc5 Rxe5 30. Rc1 f5 31. gxf5 exf5 32. Rf2 Rh4 33. Rxc3 f4 34. c6 Kc7 35. Kd2 fxe3+ 36.
Rxe3 Rd4+ 37. Rd3 Rxd3+ 38. Kxd3 Kxc6 39. h4 Rh5 40. Rh2 Kd5 41. Ke3 Ke5 42. Kf3 Kf5 43. Kg3 Rh8 44. h5 Kg5 45. h6 Rxh6 46. Rxh6 Kxh6 47. Kf4 Kg6 48. Ke5 Kf7 49. Kd6 Ke8 50. Kc7 Ke7 51. a4 a5 52. Kb6 Kd6 53. Kxa5 Kc5 54. Ka6 Kc6 55. a5 Kc7 56. Ka7 Kc8 57. a6 Kc7 58. Ka8 Kb6 59. a7 Kc7 1/2-1/2

[Event "*** Titled Tuesday Blitz"]
[Site "Chess.com"]
[Date "2020.11.24"]
[Round "2"]
[White "Marina_Chess_Rus"]
[Black "vladgoncharov"]
[Result "0-1"]
[WhiteElo "2277"]
[BlackElo "2481"]
[TimeControl "180+1"]
[EndTime "10:33:04 PST"]
[Termination "vladgoncharov won on time"]

1. d4 Nf6 2. Nf3 g6 3. c4 Bg7 4. Nc3 O-O 5. e4 d6 6. Be2 Bg4 7. h3 Bxf3 8. Bxf3 Nfd7 9. Be3 Nc6 10. d5 Na5 11. Be2 Bxc3+ 12. bxc3 b6 13. O-O e6 14. Re1 e5 15. Qd2 Qe7 16. Kh2 Rac8 17. Bg5 f6 18. Bh6 Rfe8 19. Be3 c6 20. dxc6 Rxc6 21.
Red1 Rec8 22. Rac1 R8c7 23. f3 Nf8 24. Qd5+ Qf7 25.
Qd2 Nxc4 26. Bxc4 Qxc4 27. Qd5+ Qxd5 28. Rxd5 Kf7 29. Bd2 Ne6 30. Kg1 Ke7 31. Kf2 Nc5 32.
Ke3 Na4 33. Kd3 a6 34. c4 Nb2+ 35. Kc3 Nxc4 36. Kd3 Nb2+ 37. Ke2 Rxc1 38. Bxc1 Rxc1 0-1

[Event "*** Titled Tuesday Blitz"]
[Site "Chess.com"]
[Date "2020.11.24"]
[Round "2"]
[White "LamaChampetre"]
[Black "HaryKane"]
[Result "0-1"]
[WhiteElo "2207"]
[BlackElo "2606"]
[TimeControl "180+1"]
[EndTime "10:33:06 PST"]
[Termination "HaryKane won by checkmate"]

1. d4 e6 2. c4 f5 3. Nc3 Nf6 4. Nf3 Bb4 5. Qc2 O-O 6. g3 Ne4 7. Bd2 Bxc3 8. Bxc3 Nxc3 9. Qxc3 b6 10. Bg2 Bb7 11. O-O Be4 12. Bh3 d6 13. Nd2 Bb7 14. Rfe1 Qf6 15. f4 Nc6 16. Nf3 Rae8 17. Bg2 Ne7 18. Ng5 Bxg2 19. Kxg2 Ng6 20. e4 e5 21. dxe5 dxe5 22. exf5 Qxf5 23. c5 h6 24. Qc4+ Kh8 25.
Nh3 exf4 26. Nxf4 Nxf4+ 27. gxf4 Qg4+ 28. Kh1 Qf3+ 29. Kg1 Re3 30. Rxe3 Qxe3+ 31. Kg2 Rxf4 32. Qd5 Qe2+ 33. Kg3 Qf2+ 34. Kh3 Rh4# 0-1

[Event "*** Titled Tuesday Blitz"]
[Site "Chess.com"]
[Date "2020.11.24"]
[Round "2"]
[White "PlotnikovPavel"]
[Black "MasterMK73"]
[Result "1-0"]
[WhiteElo "2492"]
[BlackElo "2286"]
[TimeControl "180+1"]
[EndTime "10:33:06 PST"]
[Termination "PlotnikovPavel won on time"]

1. e4 c5 2. Nc3 e6 3. Nge2 a6 4. d4 cxd4 5. Nxd4 Qc7 6. Be3 Nf6 7. Qf3 Bb4 8. Bd2 O-O 9. Bd3 Bxc3 10. Bxc3 e5 11. Nf5 d5 12. Qg3 Bxf5 13. exf5 d4 14. Bxd4 Nc6 15. Bc3 b5 16. O-O b4 17. Bd2 Kh8 18. Bg5 Nd5 19. Qh4 f6 20. Bd2 Nd4 21. Rac1 Qd7 22. Qh3 Nf4 23. Bxf4 exf4 24. Rcd1 Qa7 25.
Rfe1 Rae8 26. Qg4 Qc7 27. Bxa6 Qxc2 28. Rxe8 Rxe8 29. Rxd4 h6 30. Bf1 1-0

[Event "*** Titled Tuesday Blitz"]
[Site "Chess.com"]
[Date "2020.11.24"]
[Round "2"]
[White "klimkoj"]
[Black "Saylormoon"]
[Result "0-1"]
[WhiteElo "2613"]
[BlackElo "2372"]
[TimeControl "180+1"]
[EndTime "10:33:07 PST"]
[Termination "Saylormoon won by resignation"]

1. e4 c5 2. Nf3 Nc6 3. d4 cxd4 4. Nxd4 e5 5. Nb5 d6 6. c4 Be6 7. N1c3 a6 8. Na3 Be7 9. Nc2 Rc8 10. Be2 h5 11. b3 h4 12. h3 Bg5 13. O-O Bxc1 14.
Qxc1 Nge7 15. Qd2 Qc7 16. Rad1 Rd8 17. Qg5 Ng6 18. Bg4 Qe7 19. Qxe7+ Kxe7 20. Nd5+ Bxd5 21. cxd5 Nb8 22. Ne3 Nf4 23. Rc1 Kf6 24. Rc7 b5 25.
Rfc1 g6 26. Ra7 Nd3 27. Rcc7 Rhf8 28. a3 Nc5 29. Bf3 Nxb3 30. Nc2 Nc5 31. Nb4 Rc8 32.
Kf1 Rxc7 33. Rxc7 a5 34. Nc6 Nba6 35. Ra7 b4 36. axb4 axb4 37. Be2 b3 38. Bxa6 b2 39. Bd3 Nxd3 40. Rb7 Ra8 41. Ke2 Ra1 42. Nd8 b1=Q 43.
Rxf7+ Kg5 44. Ne6+ Kh6 45. Nf8 Qd1+ 46. Ke3 Qe1+ 0-1

[Event "*** Titled Tuesday Blitz"]
[Site "Chess.com"]
[Date "2020.11.24"]
[Round "2"]
[White "tlomigtlis"]
[Black "VladimirBugayev"]
[Result "1-0"]
[WhiteElo "2571"]
[BlackElo "2314"]
[TimeControl "180+1"]
[EndTime "10:33:07 PST"]
[Termination "tlomigtlis won on time"]

1. d4 Nf6 2. c4 c5 3. d5 b5 4. cxb5 a6 5. bxa6 Bxa6 6. Nc3 d6 7. e4 Bxf1 8. Kxf1 g6 9. Nf3 Bg7 10. g3 O-O 11. Kg2 Nbd7 12. a4 Ng4 13. Qe2 Qb6 14. Bd2 Rfb8 15. Nb5 Nge5 16. Nxe5 Nxe5 17. Bc3 c4 18.
Na3 Qc5 19. Bxe5 Bxe5 20. Nxc4 Bf6 21. a5 Rb3 22. Rhc1 Qb5 23. Rc2 Kg7 24. Nb6 Rxa5 25. Rxa5 Qxa5 26. Nc4 Qb4 27. h4 h5 28. f4 Bd4 29. e5 Qb5 30. Qe4 dxe5 31. fxe5 Bxb2 32. e6 Bf6 33. exf7 Kxf7 34. Rf2 Kg7 35. Ne5 Qb8 36. Qxg6+ 1-0

[Event "*** Titled Tuesday Blitz"]
[Site "Chess.com"]
[Date "2020.11.24"]
[Round "2"]
[White "onetowin"]
[Black "Oglob71"]
[Result "1/2-1/2"]
[WhiteElo "2114"]
[BlackElo "2397"]
[TimeControl "180+1"]
[EndTime "10:33:07 PST"]
[Termination "Game drawn by repetition"]

1. d4 Nf6 2. Nf3 e6 3. g3 b5 4. Bg2 Bb7 5. O-O c5 6. dxc5 Bxc5 7. a4 b4 8. Bf4 d5 9. c3 Nc6 10. Qc2 Rc8 11. Nbd2 O-O 12. Rad1 bxc3 13. bxc3 Qe7 14. e4 e5 15. Bg5 d4 16. cxd4 Nxd4 17.
Nxd4 Bxd4 18. Qd3 h6 19. Be3 Rfd8 20. Bxd4 Rxd4 21. Qb3 Rcd8 22. Nf3 Rxd1 23. Rxd1 Rxd1+ 24. Qxd1 Bxe4 25. Qe2 Bxf3 26. Bxf3 e4 27. Bg2 Qb4 28. Qa6 Qe1+ 29. Bf1 e3 30. Qc8+ Kh7 31. Qf5+ Kh8 32. fxe3 Qxe3+ 33. Kg2 Qe7 34. Bd3 g6 35. Qc8+ Kg7 36.
Qc4 h5 37. h3 Qd6 38. Be2 Qe5 39. Bf3 a5 40. Qe2 Qxe2+ 41. Bxe2 Nd7 42. Bb5 Nc5 43.
Kf3 Kf6 44. Ke3 Ke5 45. g4 hxg4 46. hxg4 f5 47. gxf5 gxf5 48. Kf3 Ne6 49. Bd7 Nd4+ 50. Kf2 f4 51. Be8 Kd5 52. Bf7+ Kc5 53. Be8 Kb4 54. Bd7 Kc3 55. Be8 Kd3 56. Bg6+ Kc4 57. Be8 Kd5 58.
Bf7+ Ke5 59. Be8 Ne6 60. Bb5 Nc7 61. Bd7 Ne6 62. Bb5 Ng5 63. Be8 Ne4+ 64. Kf3 Nd6 65. Bc6 Nf5 66. Be8 Nd4+ 67. Kf2 1/2-1/2

[Event "*** Titled Tuesday Blitz"]
[Site "Chess.com"]
[Date "2020.11.24"]
[Round "2"]
[White "Shota_Azaladze"]
[Black "Training_Day"]
[Result "0-1"]
[WhiteElo "2622"]
[BlackElo "2350"]
[TimeControl "180+1"]
[EndTime "10:33:08 PST"]
[Termination "Training_Day won by resignation"]

1. Nf3 Nf6 2. g3 d5 3. Bg2 Bf5 4. O-O e6 5. c4 Be7 6. Qb3 Nc6 7.
cxd5 exd5 8. Qxb7 Nb4 9. Nd4 Rb8 10. Qxa7 Ra8 11. Qb7 Rb8 12. Qxb8 Qxb8 13. Nc3 Bd7 14. a3 Nc6 15. Nxc6 Bxc6 16. b4 O-O 17. Bb2 Re8 18.
Rfc1 Qa8 19. Nd1 Bb5 20. d3 c6 21. Bd4 Nd7 22. Nc3 Bf6 23. Bxf6 Nxf6 24. Nxb5 cxb5 25. e3 Rc8 26. Rxc8+ Qxc8 27. Bf1 Qc3 28. Ra2 Qb3 29. Ra1 Qb2 30. Rd1 Qxa3 31. Rd2 Qxb4 32.
Rc2 g6 33. d4 Qb1 34. Rc5 b4 35. f3 b3 36. Rb5 b2 37. g4 Qc2 38. g5 Nh5 39. Rb8+ Kg7 40. e4 b1=Q 41. Rxb1 Qxb1 42. Kf2 Nf4 0-1

[Event "*** Titled Tuesday Blitz"]
[Site "Chess.com"]
[Date "2020.11.24"]
[Round "2"]
[White "CM_rui"]
[Black "JiiHart"]
[Result "1-0"]
[WhiteElo "2380"]
[BlackElo "2059"]
[TimeControl "180+1"]
[EndTime "10:33:08 PST"]
[Termination "CM_rui won by resignation"]

1. e4 c5 2. Nf3 Nc6 3. c4 g6 4. d4 cxd4 5. Nxd4 Bg7 6. Be3 d6 7. Nc3 Nf6 8. Be2 O-O 9. O-O Bd7 10. Rc1 Qa5 11. f3 Rfe8 12. Qd2 a6 13. Rfd1 Rab8 14. Bf1 Nxd4 15. Bxd4 b5 16. b3 bxc4 17. Bxc4 Bb5 18. Bxb5 axb5 19. Qf2 Rec8 20. h3 h5 21. Nd5 Nxd5 22.
exd5 Bxd4 23. Rxc8+ Rxc8 24. Rxd4 Qc3 25. Kh2 Rc5 26.
Re4 Kf8 27. Qe2 Qf6 28. Qd2 Kg7 29. a4 bxa4 30. bxa4 Qa1 31. Rxe7 Qxa4 32. Qb2+ Kg8 33. Qf6 Rc8 34. Qxf7+ 1-0

[Event "*** Titled Tuesday Blitz"]
[Site "Chess.com"]
[Date "2020.11.24"]
[Round "2"]
[White "ChessQueen"]
[Black "adriangschnitzer"]
[Result "1-0"]
[WhiteElo "2748"]
[BlackElo "2489"]
[TimeControl "180+1"]
[EndTime "10:33:09 PST"]
[Termination "ChessQueen won by checkmate"]

1. e4 c5 2. c3 d5 3. exd5 Qxd5 4. d4 Nf6 5. Nf3 Bg4 6. Be2 e6 7. O-O Be7 8. c4 Qd8 9. Nc3 O-O 10. Be3 cxd4 11.
Nxd4 Bxe2 12. Qxe2 Nbd7 13. Rfd1 Rc8 14. Ndb5 a6 15.
Nd6 Rc7 16. b4 b5 17. c5 Qa8 18. a4 bxa4 19. Rxa4 Rc6 20. Nc4 Bd8 21. Rda1 Qc8 22. Bd4 Nd5 23. Nxd5 exd5 24. Nd6 Qb8 25. Bxg7 Kxg7 26.
Qg4+ Kh8 27. Qxd7 Rc7 28. Qf5 Be7 29. h3 Bxd6 30. cxd6 Rc4 31. Qf6+ Kg8 32. R4a3 Rfc8 33. Rg3+ Kf8 34. Qh8# 1-0

[Event "*** Titled Tuesday Blitz"]
[Site "Chess.com"]
[Date "2020.11.24"]
[Round "2"]
[White "ural58"]
[Black "DenisQ"]
[Result "1/2-1/2"]
[WhiteElo "2417"]
[BlackElo "2664"]
[TimeControl "180+1"]
[EndTime "10:33:09 PST"]
[Termination "Game drawn by repetition"]

1. e4 c6 2. b3 d5 3. Qe2 dxe4 4. Nc3 Nf6 5. Nxe4 Nxe4 6. Qxe4 Qd5 7. Qe3 Bf5 8. Bb2 e6 9. O-O-O Nd7 10. Nf3 Qc5 11.
Qxc5 Nxc5 12. Nh4 Bg6 13. Re1 O-O-O 14. f4 Bh5 15. g3 Rg8 16. f5 exf5 17. Nxf5 Ne6 18.
Bh3 Re8 19. Rhf1 Kd8 20. Nd4 Nxd4 21. Bxd4 Rxe1+ 22. Rxe1 b6 23. Bg2 c5 24. Bc3 Bd6 25.
a4 f6 26. a5 Re8 27. Rxe8+ Bxe8 28. axb6 axb6 29. d4 Kc7 30. Kd2 Bc6 31. Bxc6 Kxc6 32. dxc5 bxc5 33. Kd3 h5 34. Bd2 f5 35. c4 g6 36. Bf4 Be7 37. h4 Bf6 38. Ke3 Bd4+ 39. Kd3 Bf6 40. Ke3 Bd4+ 41. Kd3 Bf6 1/2-1/2

[Event "*** Titled Tuesday Blitz"]
[Site "Chess.com"]
[Date "2020.11.24"]
[Round "2"]
[White "anon481216"]
[Black "Semen_Khanin"]
[Result "0-1"]
[WhiteElo "2394"]
[BlackElo "2782"]
[TimeControl "180+1"]
[EndTime "10:33:09 PST"]
[Termination "Semen_Khanin won by checkmate"]

1. d4 Nf6 2. c4 e6 3. Nf3 Bb4+ 4. Bd2 Bxd2+ 5. Qxd2 O-O 6. e3 d5 7. Nc3 Qe7 8. Rc1 Rd8 9. cxd5 exd5 10. Be2 c6 11. O-O Bf5 12. Ne5 Nbd7 13. f4 Ne4 14. Nxe4 Bxe4 15. b4 f6 16. Nd3 Re8 17. Nc5 Nxc5 18. bxc5 Qf7 19. Rc3 Re7 20. Rb3 Rae8 21. Bf3 Bxf3 22.
Rxf3 Qg6 23. a4 h5 24. a5 a6 25.
Qb2 h4 26. Kf2 Qf5 27. Rxb7 Rxb7 28. Qxb7 Qc2+ 29. Kg1 Qc1+ 30. Kf2 Qd2+ 31. Kf1 Rxe3 32. Rxe3 Qxe3 33. Qxa6 Qxf4+ 34. Ke2 Qe4+ 35. Kf1 Qf4+ 36. Ke1 Qc1+ 37. Ke2 Qc2+ 38. Kf1 Qd1+ 39. Kf2 Qxd4+ 40.
Kf1 Qf4+ 41. Kg1 d4 42. Qc8+ Kh7 43. a6 d3 44. a7 Qe3+ 45. Kf1 Qe2+ 46. Kg1 Qe1# 0-1

[Event "*** Titled Tuesday Blitz"]
[Site "Chess.com"]
[Date "2020.11.24"]
[Round "2"]
[White "Love_craft"]
[Black "A-S-00"]
[Result "1-0"]
[WhiteElo "2592"]
[BlackElo "2315"]
[TimeControl "180+1"]
[EndTime "10:33:09 PST"]
[Termination "Love_craft won by resignation"]

1. Nf3 Nf6 2. g3 g6 3. Bg2 Bg7 4. O-O O-O 5. d4 d6 6. c4 Nbd7 7. Nc3 e5 8. e4 Re8 9. h3 exd4 10. Nxd4 Nc5 11. Re1 Ne6 12. Nb3 a5 13. Be3 Bd7 14. Qc2 Qc8 15. Kh2 h5 16. Rad1 h4 17. g4 Nh7 18. f3 Be5+ 19. Kh1 Nf4 20. Bf1 Ng5 21. Bxf4 Bxf4 22. Nd5 Be5 23. f4 c6 24. Nb6 Qd8 25. Nxd7 Bxf4 26. Ndc5 Bg3 27. Re2 Qf6 28. Nxb7 a4 29.
N3a5 Ne6 30. e5 Bxe5 31. Nxc6 Nf4 32. Rf2 Qg5 33. Nxe5 dxe5 34. Nd6 Red8 35. c5 Qe7 36. Re1 Ra7 37. Rxf4 Qc7 38. Rxf7 Qc6+ 39. Bg2 Rc8 1-0

[Event "*** Titled Tuesday Blitz"]
[Site "Chess.com"]
[Date "2020.11.24"]
[Round "2"]
[White "Geller_Jakov"]
[Black "AldokhinIvan"]
[Result "0-1"]
[WhiteElo "2665"]
[BlackElo "2494"]
[TimeControl "180+1"]
[EndTime "10:33:10 PST"]
[Termination "AldokhinIvan won by checkmate"]

1. e4 c5 2. Nf3 e6 3. d4 cxd4 4.
Nxd4 a6 5. Bd3 Qc7 6. O-O Nf6 7.
Qe2 Bd6 8. Kh1 Nc6 9. Nxc6 dxc6 10. a4 h5 11. f4 e5 12. Nd2 Bg4 13. Qf2 exf4 14.
Nc4 g5 15. e5 Bxe5 16. Nxe5 O-O-O 17. Nxg4 hxg4 18. Qa7 Qe5 19. Bd2 f3 20. h3 fxg2+ 21. Kxg2 Rxh3 22. Bf5+ Kc7 23. Ba5+ Qxa5 24. Qf2 Rd2 25.
Rae1 Qd5+ 26. Kg1 Qh1# 0-1

[Event "*** Titled Tuesday Blitz"]
[Site "Chess.com"]
[Date "2020.11.24"]
[Round "2"]
[White "SlavenPastar"]
[Black "NikolaGry"]
[Result "0-1"]
[WhiteElo "2475"]
[BlackElo "2721"]
[TimeControl "180+1"]
[EndTime "10:33:10 PST"]
[Termination "NikolaGry won on time"]

1. d4 d5 2. Nf3 Nc6 3. g3 Bg4 4. Bg2 Qd7 5. h3 Bf5 6. Nc3 e6 7. Bf4 Bd6 8. Bxd6 cxd6 9. Nh4 Nge7 10. Qd2 O-O 11. O-O h6 12. Nxf5 Nxf5 13. e3 Rac8 14. h4 Na5 15. b3 Qc6 16. Nxd5 Qa6 17. Nb4 Qb6 18. Nd3 d5 19. h5 Nc6 20. Rac1 Nd6 21. Qe2 Nb4 22. a3 Na2 23. Ra1 Nc3 24. Qg4 Nce4 25. Rac1 Rc3 26. Ne5 Rfc8 27. Rfe1 a5 28. Bxe4 Nxe4 29. Qf4 f6 30. Ng6 Kh7 31. f3 Ng5 32.
Qg4 f5 33. Qf4 Nh3+ 0-1

[Event "*** Titled Tuesday Blitz"]
[Site "Chess.com"]
[Date "2020.11.24"]
[Round "2"]
[White "Gabrielian_Artur"]
[Black "MateusViageiro"]
[Result "1-0"]
[WhiteElo "2761"]
[BlackElo "2345"]
[TimeControl "180+1"]
[EndTime "10:33:10 PST"]
[Termination "Gabrielian_Artur won by resignation"]

1. d4 Nf6 2. c4 g6 3. Nc3 Bg7 4. e4 d6 5. Nf3 O-O 6. Be2 e5 7. O-O exd4 8. Nxd4 Re8 9. f3 Nc6 10. Be3 Bd7 11. Qd2 a6 12. Kh1 Nh5 13. g4 Nf6 14.
Rad1 Ne5 15. b3 Qc8 16. Bh6 Bh8 17. Rg1 c5 18. Nf5 Bxf5 19. gxf5 Nc6 20. Qxd6 Nd4 21. Qg3 Qb8 22. Qh4 b5 23. Rg2 b4 24.
Nd5 Nxd5 25. cxd5 Qe5 26. Rf1 Bf6 27. Qh3 Kh8 28. Bc4 gxf5 29. Rfg1 fxe4 30. fxe4 Qxe4 31. Bd3 Qh4 32. Bg7+ Bxg7 33. Qxh4 f5 1-0

[Event "*** Titled Tuesday Blitz"]
[Site "Chess.com"]
[Date "2020.11.24"]
[Round "2"]
[White "Xeniya2005"]
[Black "NotFischer"]
[Result "1-0"]
[WhiteElo "2418"]
[BlackElo "2138"]
[TimeControl "180+1"]
[EndTime "10:33:10 PST"]
[Termination "Xeniya2005 won by resignation"]

1. e4 d5 2. exd5 Nf6 3. d4 Bg4 4. Nf3 Qxd5 5. Be2 Nc6 6. Be3 e5 7. c4 Bb4+ 8. Nbd2 Qd7 9. d5 Bxf3 10. Bxf3 Nd4 11. Bxd4 exd4 12. O-O O-O 13. a3 Bd6 14.
Nb3 Be5 15. Nxd4 c5 16. Nb3 b6 17. Qc2 h5 18. Nd2 Ng4 19. h3 Nf6 20. Rfe1 Qd6 21.
Rab1 a5 22. b3 Rfe8 23. Re2 Bd4 24. Rbe1 Qg3 25. Be4 Qf4 26. Nf3 Nxe4 27. Rxe4 Rxe4 28. Rxe4 Qf6 29. Nxd4 cxd4 30. Qd3 1-0